 Dungeon Crawl Stone Soup version 0.20-a0-766-g52e1353 (webtiles) character file.

1264 Jm2c the Cleaver (level 8, -6/70 HPs)
             Began as a Hill Orc Fighter on Feb 26, 2017.
             Was a Believer of Wu Jian.
             Mangled by EuServersOMG's ghost (8 damage)
             ... in an ossuary.
             The game lasted 00:34:00 (4895 turns).

Jm2c the Cleaver (Hill Orc Fighter)                 Turns: 4895, Time: 00:34:01

Health: -6/70      AC: 12    Str: 19    XL:     8   Next: 52%
Magic:  8/8        EV:  5    Int:  8    God:    Wu Jian [**....]
Gold:   331        SH: 10    Dex: 12    Spells: 7/7 levels left

rFire    . . .     SeeInvis .   a - +3 hand axe
rCold    . . .     Gourm    .   j - +0 chain mail
rNeg     . . .     Faith    .   c - +0 shield
rPois    .         Spirit   .   w - +0 helmet
rElec    .         Reflect  .   l - +0 cloak
rCorr    .         Harm     .   (no gloves)
MR       .....                  (no boots)
Stlth    ..........             (no amulet)
Regen    0.3/turn               (no ring)
MPRegen  0.2/turn               (no ring)

@: flying
A: no striking features
a: Renounce Religion


You were in an ossuary.
You worshipped Wu Jian.
Wu Jian was pleased with you.
You were not hungry.

You visited 2 branches of the dungeon, and saw 6 of its levels.
You also visited: Sewer and Ossuary.

You collected 331 gold pieces.

Inventory:

Hand Weapons
 a - a +3 hand axe (weapon)
 b - a +0 hunting sling
 y - a +1 war axe
Missiles
 e - 139 stones (quivered)
 g - 44 sling bullets
 h - 31 bolts
Armour
 c - a +0 shield (worn)
 d - a +1 scale mail of magic resistance
 j - a +0 chain mail (worn)
 l - a +0 cloak (worn)
 w - a +0 helmet (worn)
 z - a +0 scale mail
Jewellery
 q - an uncursed ring of poison resistance {unknown}
 D - a +6 ring of evasion {unknown}
Wands
 i - a wand of polymorph (12/24)
 s - a wand of digging (7/24)
 u - a wand of lightning (11/15)
Scrolls
 k - 3 scrolls of immolation
 n - 2 scrolls of fog
 o - 2 scrolls of vulnerability {unknown}
 r - 3 scrolls of teleportation
 v - 6 scrolls of identify
 C - a scroll of fear
Potions
 m - a potion of haste
 x - a potion of might
 A - a potion of flight
 B - a potion of ambrosia {unknown}
Comestibles
 f - 2 bread rations
 p - 7 chunks of flesh
 t - 4 fruits


   Skills:
 - Level 6.0 Fighting
 - Level 8.2 Axes
 + Level 2.9 Throwing
 * Level 6.2 Armour
 + Level 5.1 Shields


You had 7 spell levels left.
You didn't know any spells.

Dungeon Overview and Level Annotations

Branches:
Dungeon (5/15)             Temple (1/1) D:4

Altars:
Ashenzari
Cheibriados
Elyvilon
Fedhas
Gozag
Hepliaklqana
Makhleb
Nemelex Xobeh
Ru
Uskayaw
Vehumet
Wu Jian
Xom
Yredelemnul

Annotations:
Ossuary EuServersOMG's ghost, amateur FoWn


Message History

You hit EuServersOMG's ghost but do no damage.
EuServersOMG's ghost is heavily damaged.
You hit EuServersOMG's ghost.
EuServersOMG's ghost is heavily damaged.
EuServersOMG's ghost hits you but does no damage.
You barely miss EuServersOMG's ghost.
EuServersOMG's ghost is heavily damaged.
EuServersOMG's ghost whispers, "Meet the emptiness of death!"
EuServersOMG's ghost barely misses you.
You slash EuServersOMG's ghost!
EuServersOMG's ghost is severely damaged.
EuServersOMG's ghost hits you!
* * * LOW HITPOINT WARNING * * *
You slash EuServersOMG's ghost!
EuServersOMG's ghost is almost destroyed.
EuServersOMG's ghost hits you but does no damage.
You hit EuServersOMG's ghost but do no damage.
EuServersOMG's ghost is almost destroyed.
EuServersOMG's ghost hits you!
You die...

......#
#....#
#....#
#M...#
#....#
#....#
#....#
#W...#
#@...#
#.∩∩.#
######


You could see a mummy and EuServersOMG's ghost.

Vanquished Creatures
  The ghost of Oper80 the Insei, an amateur DsMo of Qazlal (Sewer)
  The ghost of lupus83 the Covert, an amateur OpAs (D:3)
  A phantom (D:4)
  Blork the orc (D:5)
  An elf skeleton (D:5)
  A water moccasin skeleton (D:5)
  A scorpion (D:4)
  A bullfrog skeleton (D:5)
  2 orc priests (D:4)
  3 orc wizards
  3 human skeletons (D:5)
  Terence (D:2)
  3 worker ants
  A big kobold zombie (Ossuary)
  4 mummies (Ossuary)
  Robin (D:4)
  2 gnolls (D:2)
  7 adders
  2 oozes
  8 dart slugs
  8 leopard geckos
  7 orcs
  A giant cockroach (D:3)
  2 gnoll zombies (Ossuary)
  15 goblins
  9 hobgoblins
  11 jackals
  3 kobolds
  5 ball pythons
  9 bats
  4 frilled lizards
  3 hobgoblin zombies (Ossuary)
  2 orc zombies (Ossuary)
  9 rats
133 creatures vanquished.

Notes
Turn   | Place    | Note
-------+----------+-------------------------------------------
     0 | D:1      | Jm2c the Hill Orc Fighter began the quest for the Orb.
     0 | D:1      | Reached XP level 1. HP: 19/19 MP: 1/1
    81 | D:1      | Reached skill level 3 in Axes
   191 | D:1      | Reached XP level 2. HP: 22/27 MP: 2/2
   820 | D:2      | Reached skill level 4 in Axes
   820 | D:2      | Reached XP level 3. HP: 33/33 MP: 3/3
  1045 | D:2      | Noticed Terence
  1057 | D:2      | Killed Terence
  1057 | D:2      | Reached XP level 4. HP: 41/41 MP: 4/4
  1329 | D:2      | Reached skill level 5 in Axes
  1788 | D:2      | Reached XP level 5. HP: 31/47 MP: 5/5
  1918 | D:3      | Reached skill level 5 in Fighting
  1918 | D:3      | Reached skill level 6 in Axes
  2207 | D:3      | Noticed lupus83's ghost (amateur OpAs)
  2215 | D:3      | Killed lupus83's ghost
  2215 | D:3      | Reached skill level 7 in Axes
  2215 | D:3      | Reached XP level 6. HP: 56/56 MP: 6/6
  2363 | D:3      | Found a white marble altar of Elyvilon.
  2749 | D:4      | Found a staircase to the Ecumenical Temple.
  2760 | Temple   | Entered the Ecumenical Temple
  2814 | Temple   | Became a worshipper of the Wu Jian Council
  2990 | D:4      | Reached skill level 8 in Axes
  3028 | D:4      | Noticed Robin
  3036 | D:4      | Reached XP level 7. HP: 41/62 MP: 7/7
  3058 | D:4      | Killed Robin
  3121 | D:4      | Found a glowing drain.
  3130 | Sewer    | Entered a sewer
  3137 | Sewer    | Reached * piety under Wu Jian
  3413 | Sewer    | Noticed Oper80's ghost (amateur DsMo)
  3451 | Sewer    | Killed Oper80's ghost
  3451 | Sewer    | Reached skill level 1 in Throwing
  4230 | D:5      | Entered Level 5 of the Dungeon
  4310 | D:5      | Noticed Blork the orc
  4324 | D:5      | Reached skill level 5 in Armour
  4324 | D:5      | Reached XP level 8. HP: 32/70 MP: 8/8
  4327 | D:5      | Killed Blork the orc
  4800 | D:5      | Reached ** piety under Wu Jian
  4804 | D:5      | Found a sand-covered staircase.
  4816 | Ossuary  | Entered an ossuary
  4871 | Ossuary  | Reached skill level 5 in Shields
  4876 | Ossuary  | Noticed EuServersOMG's ghost (amateur FoWn)
  4893 | Ossuary  | HP: 2/70 [EuServersOMG's ghost (8)]
  4895 | Ossuary  | Mangled by EuServersOMG's ghost

Vault maps used:
D:1:      dpeg_arrival_lava_altar, serial_bayou_crossing
D:2:      uniq_terence
D:3:      nicolae_overflow_crystal_walls, first_bread
D:4:      minmay_temple_entry_glassed_door, lightli_sewer_entry_pipes,
          kennysheep_small_circle, uniq_robin
D:5:      kennysheep_slugbush, nicolae_ossuary_entry_catacombs, basic_altar,
          uniq_blork_the_orc
Temple:   cyrus_circular_temple
Sewer:    sewer_fruit_machine
Ossuary:  ossuary_tomb_3

Skill      XL: |  1  2  3  4  5  6  7  8 |
---------------+-------------------------+-----
Axes           | 3 4 5 7 8 |  8.2
Fighting       | 4 5 6 |  6.0
Throwing       | 2 |  2.9
Armour         | 5 6 |  6.2
Shields        | 4 5 |  5.1

Action                   |  1- 3 |  4- 6 |  7- 9 || total
-------------------------+-------+-------+-------++-------
Melee: War axe           |    79 |   113 |       ||   192
       Hand axe          |       |    41 |   260 ||   301
 Fire: Hunting sling     |       |       |    10 ||    10
Throw: Stone             |    22 |    34 |    51 ||   107
  Use: Scroll            |     4 |     3 |     3 ||    10
       Potion            |     4 |     2 |     5 ||    11
 Stab: Invisible         |       |       |     4 ||     4
  Eat: Chunk             |     1 |     1 |     5 ||     7
       Meat ration       |       |     1 |     1 ||     2
Armor: Scale mail        |    13 |       |       ||    13
       Chain mail        |    28 |    80 |   109 ||   217
Dodge: Dodged            |    13 |    20 |    35 ||    68
Block: Shield            |    46 |    61 |    72 ||   179
